Match 47108558
Unlisted

Match 47108558
End
Selects Australian Defense Battlegroup
Selects Australian Defense Battlegroup
Selects Australian Light Infantry Section
Australian Light Infantry Section
Vickers Machine Gun Team
Construct Section Command Post
Construct Section Command Post
ML 3-inch Mortar Team
Australian Light Infantry Section
Selects 2-pounder Anti-tank Gun Team
2-pounder Anti-tank Gun Team
Construct Platoon Command Post
CMP 15cwt Truck
Infantry Section
Selects CMP 15cwt Supply Run
2-pounder Anti-tank Gun Team
Construct Company Command Post
Matilda II Heavy Tank
Foot Guards Section
Selects Reinforced Resource Caches
Selects Archer Tank Destroyer
Archer Tank Destroyer
CMP 15cwt Truck
Royal Engineer Section
Matilda II Heavy Tank
Selects Vehicle Over Repair
Foot Guards Section
Crusader II Medium Tank
Foot Guards Section
Archer Tank Destroyer
Unlock M3 Grant Medium Tanks
Foot Guards Section
李小狼,使用风华招来
Nikita ball
KYWTZ
戴草帽の猫
ExpLoSion!
名字很长很厉害GX
vincent
sdkfz251
0
0

Comments sign in to comment!

No comments posted yet!